 Dungeon Crawl Stone Soup version 0.26.1-11-gd32895ea62 (webtiles) character file.

Game seed: 3330843749582701684

1283 H0rd4k the Insei (level 8, -7/51 HPs)
             Began as an Octopode Transmuter on May 10, 2021.
             Was an Initiate of Gozag.
             Mangled by a two-headed ogre
             ... wielding a +0 giant club
              (8 damage)
             ... on level 8 of the Dungeon.
             The game lasted 00:10:41 (10826 turns).

H0rd4k the Insei (Octopode Transmuter)             Turns: 10826, Time: 00:10:41

Health: -7/51      AC:  2    Str:  9    XL:     8   Next: 55%
Magic:  13/14      EV: 22    Int: 17    God:    Gozag
Gold:   607        SH:  0    Dex: 18    Spells: 3/15 levels left

rFire    . . .     SeeInvis .     - Unarmed
rCold    . . .     Faith    .   (shield currently unavailable)
rNeg     . . .     Spirit   .   (helmet currently unavailable)
rPois    .         Reflect  .   v - amulet of magic regeneration
rElec    .         Harm     .   q - ring of poison resistance
rCorr    +         Rampage  .   t - ring of resist corrosion
Will     .....                  (no ring)
Stlth    ++........             (no ring)
HPRegen  0.17/turn              (no ring)
MPRegen  0.39/turn              (no ring)
                                (no ring)
                                (no ring)

@: spider-form
A: tiny, almost no armour, stealthy swim, (amphibious), 8 rings, (constrict 8)
a: End Transformation, Renounce Religion, Potion Petition, Call Merchant, Bribe
Branch


You were on level 8 of the Dungeon.
You worshipped Gozag.
Gozag was pleased with you.
You were a venomous arachnid creature.
You visited 2 branches of the dungeon, and saw 9 of its levels.

You collected 709 gold pieces.
You spent 36 gold pieces at shops.
You paid 66 gold pieces to Gozag.

Inventory:

Jewellery
 i - an uncursed amulet of the acrobat
 q - a ring of poison resistance (left front leg)
 t - a ring of resist corrosion (right front leg)
 v - an amulet of magic regeneration (around neck)
Wands
 y - a wand of iceblast (4)
 A - a wand of paralysis (7)
Scrolls
 a - 5 scrolls of teleportation
 b - a scroll of magic mapping {unknown}
 c - a scroll of blinking {unknown}
 d - a scroll of amnesia {unknown}
 j - 3 scrolls of remove curse {unknown}
 l - a scroll of random uselessness {unknown}
 p - a scroll of enchant weapon {unknown}
 r - a scroll of enchant armour {unknown}
 u - a scroll of immolation {unknown}
 x - 2 scrolls of noise {unknown}
 z - a scroll of fog {unknown}
Potions
 e - 2 potions of brilliance
 f - a potion of mutation {unknown}
 g - 2 potions of flight
 h - 3 potions of attraction
 k - a potion of ambrosia
 m - a potion of magic
 n - a potion of invisibility {unknown}
 o - a potion of degeneration {unknown}
 s - 3 potions of lignification


   Skills:
 + Level 2.4 Fighting
 + Level 4.1 Dodging
 - Level 0.4 Stealth
 + Level 7.0 Unarmed Combat
 * Level 4.2 Spellcasting
 * Level 4.4 Transmutations
 + Level 2.6 Poison Magic


You had 3 spell levels left.
You knew the following spells:

 Your Spells              Type           Power        Failure   Level
a - Beastly Appendage     Tmut           36%          10%         1
b - Spider Form           Tmut/Pois      7%           26%         3
c - Blade Hands           Tmut           9%           77%         5
d - Confusing Touch       Hex            3%           65%         3

Your spell library contained the following spells:

 Spells                   Type           Power        Failure   Level
 Wereblood                Tmut           18%          12%         2
 Ensorcelled Hibernation  Hex/Ice        6%           45%         2
 Gell's Gravitas          Tloc           1%           65%         3
 Ozocubu's Armour         Ice            3%           65%         3
 Teleport Other           Tloc           3%           65%         3
 Ice Form                 Ice/Tmut       11%          73%         4
 Petrify                  Tmut/Erth      11%          73%         4
 Yara's Violent Unravell  Hex/Tmut       5%           95%         5
 Metabolic Englaciation   Hex/Ice        1%           100%        5
 Ozocubu's Refrigeration  Ice            1%           100%        6


Dungeon Overview and Level Annotations

Branches:
Dungeon (7/15)             Temple (1/1) D:4

Altars:
Ashenzari
Cheibriados
Dithmenos
Elyvilon
Fedhas
Gozag
Hepliaklqana
Kikubaaqudgha
Makhleb
Nemelex Xobeh
Okawaru
Qazlal
Ru
Sif Muna
Trog
Uskayaw
Vehumet
Wu Jian
Xom
Yredelemnul
The Shining One

Shops:
D:5 ?   D:6 (

Annotations:
D:6 exclusions: downstairs, 3 electric eels and 1 more exclusion
D:7 Harold


Innate Abilities, Weirdness & Mutations

You cannot wear most types of armour.
You are very stealthy in the water. (Stealth+)
((You are amphibious.))
You can wear up to eight rings at the same time.
((You can use your tentacles to constrict eight enemies at once.))
((Your skin changes colour to match your surroundings (Stealth+).))
((Your rubbery body absorbs attacks. (AC +1, EV +1)))


Message History

You now have 607 gold pieces (gained 5).
You see here a +0 flail.
Your transformation is almost over.
Your transformation has ended.
A two-headed ogre comes into view.
It is wielding a +0 giant club and a +0 dire flail.
A two-headed ogre is nearby!
Casting: Spider Form (dangerous; 11% risk of failure)
Confirm with . or Enter, or press ? or * to list all spells.
You turn into a venomous arachnid creature.
The two-headed ogre shouts in stereo!
You hit the two-headed ogre.
The two-headed ogre is poisoned.
The two-headed ogre is lightly wounded.
The two-headed ogre hits you with a +0 giant club!!
The two-headed ogre hits you with a +0 dire flail!
* * * LOW HITPOINT WARNING * * *
The two-headed ogre hits you with a +0 giant club!
* * * LOW HITPOINT WARNING * * *
The two-headed ogre hits you with a +0 dire flail!
You die...
Your body crumbles into a pile of gold.

. .# ..#### .#
....##########.# #
....##.$$.....#
#.##
#..##$##.##.##
#....#..##.##.##.#
#....g$.).(##.#
###..##.#####.#
#.......##.#####s#
##########.....O.#
#########


You could see a two-headed ogre (very poisoned).

Vanquished Creatures
  A water moccasin zombie (D:6)
  2 gnoll sergeants (D:8)
  A wyvern skeleton (D:6)
  3 wights (D:6)
  2 bullfrog zombies (D:6)
  A quasit (D:6)
  A hound (D:4)
  A jelly (D:4)
  2 orc priests
  2 orc wizards (D:6)
  A bullfrog skeleton (D:5)
  2 centaur skeletons (D:6)
  An iron imp (D:4)
  Natasha (thrice) (D:3)
  5 worker ants
  A killer bee zombie (D:6)
  A hound skeleton (D:6)
  11 gnolls
  9 adders
  2 white imps
  An adder zombie (D:3)
  An adder skeleton (D:4)
  5 worms
  2 dart slugs (D:1)
  4 leopard geckos
  8 orcs
  5 bats
  5 giant cockroaches
  7 goblins
  6 hobgoblins
  6 jackals
  2 quokkas (D:3)
  A ball python (D:4)
  8 frilled lizards
  2 giant cockroach zombies (D:6)
  A jackal skeleton (D:5)
  5 kobolds
  10 rats
131 creatures vanquished.

Vanquished Creatures (others)
  A bat (D:2)
  14 plants (D:6)
  A withered plant (D:6)
16 creatures vanquished.

Grand Total: 147 creatures vanquished

Notes
Turn   | Place    | Note
-------+----------+-------------------------------------------
     0 | D:1      | H0rd4k the Octopode Transmuter began the quest for the Orb.
     0 | D:1      | Reached XP level 1. HP: 13/13 MP: 3/3
   362 | D:1      | Reached XP level 2. HP: 18/18 MP: 5/5
  1063 | D:1      | Reached XP level 3. HP: 21/23 MP: 6/6
  1067 | D:1      | Learned a level 3 spell: Spider Form
  1455 | D:2      | Found a hide-covered altar of Uskayaw.
  1558 | D:2      | Found a radiant altar of Vehumet.
  1796 | D:2      | Found a broken altar of Ashenzari.
  2402 | D:2      | Reached XP level 4. HP: 4/28 MP: 7/7
  3220 | D:3      | Reached skill level 4 in Unarmed Combat
  3290 | D:3      | Noticed Natasha
  3292 | D:3      | Found a shadowy altar of Dithmenos.
  3307 | D:3      | Killed Natasha
  3308 | D:3      | Reached skill level 1 in Poison Magic
  3310 | D:3      | Reached XP level 5. HP: 11/33 MP: 7/9
  3526 | D:3      | Found a sparkling altar of Nemelex Xobeh.
  3878 | D:3      | Noticed Natasha
  3883 | D:3      | Killed Natasha
  4020 | D:3      | Found a glowing golden altar of the Shining One.
  4020 | D:3      | Noticed Natasha
  4028 | D:3      | Killed Natasha
  4265 | D:3      | Found a blossoming altar of Fedhas.
  4485 | D:4      | Reached XP level 6. HP: 19/38 MP: 10/10
  4491 | D:4      | Learned a level 5 spell: Blade Hands
  4920 | D:4      | Found a staircase to the Ecumenical Temple.
  5028 | Temple   | Entered the Ecumenical Temple
  5100 | Temple   | Became a worshipper of Gozag Ym Sagoz the Greedy
  5185 | D:4      | Reached skill level 5 in Unarmed Combat
  5527 | D:4      | Found a burning altar of Makhleb.
  5813 | D:5      | Entered Level 5 of the Dungeon
  5818 | D:5      | Identified Xadacew's Collected Works on the Congealing
                  | Traveller
  5831 | D:5      | Found Ifoc's Magic Scroll Shoppe.
  6584 | D:5      | Bought a scroll of teleportation for 36 gold pieces
  6611 | D:5      | Reached XP level 7. HP: 44/44 MP: 11/11
  6926 | D:5      | Learned a level 3 spell: Confusing Touch
  8095 | D:6      | Found a snail-covered altar of Cheibriados.
  8349 | D:6      | Reached skill level 6 in Unarmed Combat
  8606 | D:6      | Reached XP level 8. HP: 47/50 MP: 13/13
  8802 | D:6      | Found Juazuha's Antique Weapon Shoppe.
  9024 | D:6      | Found a sacrificial altar of Ru.
  9528 | D:7      | Noticed Harold
 10203 | D:7      | Found a bloodstained altar of Trog.
 10271 | D:7      | Found an ancient bone altar of Kikubaaqudgha.
 10330 | D:7      | Found a hazy altar of Hepliaklqana.
 10429 | D:7      | You fall into a shaft and drop 1 floor!
 10580 | D:8      | Reached skill level 7 in Unarmed Combat
 10820 | D:8      | Noticed a two-headed ogre
 10826 | D:8      | HP: 1/51 [two-headed ogre/+0 giant club (14)]
 10826 | D:8      | Mangled by a two-headed ogre

Illustrated notes

Levels and vault maps discovered:
D:1:      erik_arrival_orb_chamber, layout_basic
D:2:      layout_basic, fiery_altar_vehumet, eat_drink_and_be_merry_uskayaw,
          ashenzari_conservatory_becter
D:3:      layout_basic, nicolae_overflow_quartered_altars, uniq_natasha
D:4:      layout_rooms, makhleb_grotto_becter, minmay_temple_entry_mini_moons,
          serial_corexii_hall, chequers_hall_statues_corner_a,
          corexii_hall_statues_l, chequers_hall_statues_y,
          chequers_hall_statues_wall_a
D:5:      layout_cave_pools, serial_shops, shop_fountains
D:6:      layout_loops_corners, cheibrodos_worm_habitat,
          nicolae_ru_the_path_less_chosen, serial_undead, serial_undead_f,
          serial_undead_d, serial_undead_d, serial_undead_c, serial_shops, shop,
          hex_tiny, serial_bayou_ford_a, minivault_1
D:7:      layout_basic, overflow_temple_1_default, nzn_hepliaklqana_mist_gate,
          gammafunk_ghost_smash, minivault_1, pf_just_have_faith, uniq_harold,
          uniq_duvessa
D:8:      layout_loops_cross, gammafunk_ghost_smash
Temple:   compressed_dpeg_triangle_lava_temple

Skill      XL: |  1  2  3  4  5  6  7  8 |
---------------+-------------------------+-----
Unarmed Combat | 4 5 6 7 |  7.0
Poison Magic   | 1 2 |  2.6
Transmutations | 3 4 |  4.4
Spellcasting   | 3 4 |  4.2
Dodging        | 3 4 |  4.1
Fighting       | 2 |  2.4
Stealth        | |  0.4

Action                   |  1- 3 |  4- 6 |  7- 9 || total
-------------------------+-------+-------+-------++-------
Melee: Unarmed           |    98 |   162 |   181 ||   441
       Constrict         |    22 |    37 |    20 ||    79
       Tentacles         |    11 |    20 |    25 ||    56
       Punch             |     1 |     7 |     4 ||    12
 Cast: Spider Form       |       |     3 |    10 ||    13
  Use: Potion            |       |     2 |       ||     2
       Scroll            |       |       |     6 ||     6
 Stab: Sleeping          |     5 |     4 |       ||     9
       Distracted        |       |       |     1 ||     1
Armor: Skin              |     6 |     2 |    11 ||    19
Dodge: Dodged            |    62 |   121 |   168 ||   351
